 Dungeon Crawl Stone Soup version 0.17-a0-1642-gd4b747b (webtiles) character file.

5436 ithil the Blocker (level 10, -2/88 HPs)
             Began as a Deep Dwarf Fighter on Aug 8, 2015.
             Was a Priest of Okawaru.
             Slain by a warg (10 damage)
             ... on level 9 of the Dungeon on Aug 9, 2015.
             The game lasted 01:28:04 (10309 turns).

ithil the Blocker (Deep Dwarf Fighter)             Turns: 10309, Time: 01:28:04

Health: -2/88      AC: 16    Str: 24    XL:     10   Next: 41%
Magic:  9/9        EV: 11    Int:  9    God:    Okawaru [***...]
Gold:   518        SH: 13    Dex: 13    Spells: 0 memorised, 9 levels left

rFire  . . .     SeeInvis .     w - +2 dagger (flame)
rCold  . . .     Clarity  .     n - +3 chain mail {MR+}
rNeg   . . .     SustAt   +     c - +1 shield
rPois  .         Gourm    .     m - +0 helmet
rElec  .         Spirit   .     v - +0 cloak
rCorr  .         Warding  .     (no gloves)
rMut   .         Stasis   .     y - +0 pair of boots
MR     ++...                    (no amulet)
Stlth  ..........               (no ring)
                                E - ring of sustain attributes

@: non-regenerating, very resistant to hostile enchantments, extremely
unstealthy
A: damage resistance, recharge devices, talons 1, sense surroundings 2, slow
healing 3, strong 1
a: Device Recharging, Heroism, Renounce Religion


You were on level 9 of the Dungeon.
You worshipped Okawaru.
Okawaru was most pleased with you.
You were not hungry.

You visited 2 branches of the dungeon, and saw 10 of its levels.

You collected 852 gold pieces.
You spent 334 gold pieces at shops.

Inventory:

Hand weapons
 d - a +0 vampiric battleaxe
 k - a +0 whip of venom
 p - a +2 dagger of venom
 w - a +2 dagger of flaming (weapon)
 I - the +9 whip "Uqevieb" {drain, MR+ Dex+3, unknown}
   (You found it on level 9 of the Dungeon)

   A truly terrible weapon, it drains the life of those it strikes.
   It affects your dexterity (+3).
   It affects your resistance to hostile enchantments.
 O - a +0 giant club
 S - a +2 dagger of electrocution
 T - the cursed +1 long sword of Infinity {slice, rF++ MR+ Dex+4, unknown}
   (You found it on level 9 of the Dungeon)

   It inflicts extra damage upon your enemies.
   It affects your dexterity (+4).
   It greatly protects you from fire.
   It affects your resistance to hostile enchantments.
   It has a curse placed upon it.
 U - a +2 hunting sling of velocity
 X - a +1 quarterstaff of crushing
Missiles
 h - 170 stones (quivered)
Armour
 c - a +1 shield (worn)
 l - a +2 scale mail of magic resistance
 m - a +0 helmet (worn)
 n - a +3 chain mail of magic resistance (worn)
 v - a +0 cloak (worn)
 y - a +0 pair of boots (worn)
 C - a +3 leather armour of cold resistance
Jewellery
 E - a ring of sustain attributes (left hand)
 N - an uncursed ring of flight
 V - an uncursed ring of protection from cold {unknown}
Magical devices
 b - a wand of confusion (22)
 e - a wand of heal wounds (0)
 g - a wand of cold (6)
 i - a wand of polymorph (12)
 G - a wand of cold (0)
 H - a wand of disintegration (10)
 J - a wand of slowing (17)
 K - a wand of fire (0)
 P - a wand of digging (14)
Scrolls
 a - a scroll of random uselessness
 q - a scroll of amnesia
 x - a scroll of teleportation
 B - 3 scrolls of remove curse
 D - a scroll of enchant weapon
 F - a scroll of enchant armour
 M - a scroll of identify
Potions
 r - a potion of curing
 Q - a potion of brilliance {unknown}
 R - a potion of flight {unknown}
 W - a potion of invisibility {unknown}
 Y - a potion of resistance {unknown}
Books
 j - a book of Alchemy

   Spells                             Type                      Level
   a - Sublimation of Blood           Necromancy                   2
   b - Ignite Poison                  Fire/Transmutation/Poison    3
   c - Alistair's Intoxication        Transmutation/Poison         4
   d - Condensation Shield            Ice                          4
   e - Petrify                        Transmutation/Earth          4
   f - Irradiate                      Conjuration/Transmutation    5
Comestibles
 f - 3 bread rations
 o - 6 beef jerkies
 s - a slice of pizza
 z - 6 royal jellies
 A - 2 meat rations
 Z - 6 chunks of flesh


   Skills:
 + Level 5.5 Fighting
 + Level 3.3 Short Blades
 + Level 4.1 Axes
 + Level 0.6 Throwing
 + Level 5.9 Armour
 + Level 9.3 Dodging
 + Level 3.0 Stealth
 + Level 10.1 Shields
 + Level 0.3 Invocations
 + Level 3.6 Evocations


You had 9 spell levels left.
You didn't know any spells.

Dungeon Overview and Level Annotations

Branches:
Dungeon (9/15)             Temple (1/1) D:6             Orc (0/4) D:9
   Lair: D:8-11

Altars:
Ashenzari
Cheibriados
Dithmenos
Elyvilon
Fedhas
Gozag
Kikubaaqudgha
Makhleb
Nemelex Xobeh
Okawaru
Qazlal
Ru
Sif Muna
Trog
Vehumet
Xom
Yredelemnul
Zin
The Shining One

Shops:
D:9 *[?[


Innate Abilities, Weirdness & Mutations

You are resistant to damage.
You can recharge devices by infusing magical energy.
You passively map the area around you.
You do not heal naturally.
You have sharp toenails.
Your muscles are strong. (Str +2)


Message History

Something hits you but does no damage. The warg barely misses you.
Your shield prevents you from hitting something.
You hear some strange, mumbled words.
A puff of flame appears from out of thin air!
The puff of flame hits you! You block the orc warrior's attack.
You block the warg's attack.
You hear some strange, mumbled words.
A puff of flame appears from out of thin air!
The puff of flame hits you!
You hit the orc warrior. You burn the orc warrior.
The orc warrior is moderately wounded.
Something hits you but does no damage. The warg bites you!
You block the orc warrior's attack.
You closely miss the warg. Something hits you but does no damage.
Something hits you but does no damage. The warg bites you but does no damage.
You barely miss the warg.
The orc warrior hits you with an enchanted war axe!!
* * * LOW HITPOINT WARNING * * *
Something hits you but does no damage. The warg bites you!
You die...

..............############..#
####..............# ###### #..#
..................# .....## #..#
....................,.P.....,...#
................#####..∩P..###..#
##..###########.# .P....# #..#
#...###########.#####.....## #..#
................{{.......... ...#
#............>..@hh......... ...#
##..#############oy#########
###.#############......... ,
.#.......<....ho.)........
........>..§§§.h#########.,
#.........§§§§..# , **
#..........§§...#### * , * *
..........)........ ,
.................. * , , ,


You could see 2 wargs, an orc warrior and a killer bee.

Vanquished Creatures
  An ugly thing (D:9)
  A hill giant (D:8)
  Joseph (D:9)
  A queen bee (D:8)
  Sigmund (D:6)
  An ice beast (D:5)
  3 ogres
  3 orc warriors
  2 black bears
  2 phantoms
  3 centaurs
  A big kobold (D:7)
  5 giant frogs
  18 killer bees
  2 centaur zombies
  5 hounds
  A jelly (D:7)
  A centaur skeleton (D:7)
  A gnoll shaman (D:5)
  3 iguanas
  7 orc priests
  9 worker ants
  3 killer bee zombies
  8 orc wizards
  14 adders
  10 gnolls
  3 shadow imps
  An adder skeleton (D:6)
  2 adder zombies
  2 worms
  2 giant geckos
  46 orcs
  12 goblins
  6 hobgoblins
  9 jackals
  9 kobolds
  4 quokkas
  2 ball pythons
  11 bats
  4 giant cockroaches
  A giant gecko zombie (D:7)
  6 giant newts
  A jackal zombie (D:5)
  2 quokka skeletons
  2 quokka zombies (D:5)
  6 rats
  A fungus (D:2)
  A plant (D:2)
240 creatures vanquished.

Notes
Turn   | Place    | Note
--------------------------------------------------------------
     0 | D:1      | ithil the Deep Dwarf Fighter began the quest for the Orb.
     0 | D:1      | Reached XP level 1. HP: 20/20 MP: 1/1
    21 | D:1      | You fall through a shaft!
   105 | D:1      | Reached XP level 2. HP: 27/27 MP: 2/2
   999 | D:2      | Found a sacrificial altar of Ru.
  1154 | D:2      | Reached XP level 3. HP: 26/33 MP: 3/3
  1254 | D:2      | Gained mutation: You have sharp toenails. [potion of mutation]
  1254 | D:2      | Gained mutation: Your muscles are strong. (Str +2) [potion of mutation]
  1254 | D:2      | Gained mutation: You can breathe flames. [potion of mutation]
  1663 | D:3      | Reached skill level 4 in Armour
  1663 | D:3      | Reached skill level 1 in Dodging
  1663 | D:3      | Reached XP level 4. HP: 40/42 MP: 4/4
  1771 | D:3      | Found an opulent altar of Gozag.
  1781 | D:3      | Reached XP level 5. HP: 43/49 MP: 5/5
  3003 | D:4      | Noticed a phantom
  3088 | D:4      | Killed a phantom
  3088 | D:4      | Reached XP level 6. HP: 35/56 MP: 6/6
  3352 | D:4      | Reached skill level 5 in Shields
  3631 | D:4      | Noticed an orc warrior
  3664 | D:4      | Reached skill level 5 in Armour
  3670 | D:4      | Killed an orc warrior
  3670 | D:4      | Reached XP level 7. HP: 35/62 MP: 7/7
  4106 | D:4      | Reached skill level 1 in Evocations
  4278 | D:5      | Entered Level 5 of the Dungeon
  4309 | D:5      | Reached skill level 1 in Short Blades
  4309 | D:5      | Reached skill level 6 in Shields
  4728 | D:5      | Reached skill level 1 in Stealth
  4969 | D:5      | Reached XP level 8. HP: 60/72 MP: 8/8
  5809 | D:6      | Found a staircase to the Ecumenical Temple.
  5893 | Temple   | Entered the Ecumenical Temple
  5945 | Temple   | Became a worshipper of Warmaster Okawaru
  5988 | D:6      | Got a smoking flail
  6020 | D:6      | Noticed Sigmund
  6028 | D:6      | Killed Sigmund
  6028 | D:6      | Reached skill level 5 in Dodging
  6028 | D:6      | Reached skill level 7 in Shields
  7504 | D:7      | Acquired Okawaru's first power
  7504 | D:7      | Reached skill level 8 in Shields
  7504 | D:7      | Gained mutation: You passively map the area around you. [Deep Dwarf growth]
  7504 | D:7      | Reached XP level 9. HP: 69/79 MP: 8/8
  8240 | D:8      | Noticed a hill giant
  8245 | D:8      | Lost mutation: You can breathe flames. [potion of beneficial mutation]
  8268 | D:8      | Killed a hill giant
  8633 | D:8      | Reached skill level 5 in Fighting
  8780 | D:8      | Reached skill level 9 in Shields
  9051 | D:8      | Reached XP level 10. HP: 78/88 MP: 10/10
  9567 | D:9      | Found Xahaskots's Magic Scroll Boutique.
  9598 | D:9      | Bought a scroll of identify for 26 gold pieces
  9598 | D:9      | Bought a scroll of recharging for 123 gold pieces
  9598 | D:9      | Bought a scroll of enchant weapon for 97 gold pieces
  9598 | D:9      | Bought a scroll of identify for 26 gold pieces
  9629 | D:9      | Noticed Joseph
  9679 | D:9      | Killed Joseph
  9732 | D:9      | Found a staircase to the Orcish Mines.
  9779 | D:9      | Got a crude whip
  9837 | D:9      | Noticed a cyan ugly thing
  9880 | D:9      | Killed a cyan ugly thing
  9880 | D:9      | Reached skill level 10 in Shields
  9973 | D:9      | Found Quefowankosch's Assorted Antiques.
  9981 | D:9      | Bought a scroll of identify for 62 gold pieces
  9999 | D:9      | Got an encrusted long sword
 10202 | D:9      | Found Inkisopt's Antique Armour Shop.
 10211 | D:9      | Found Wahal's Antique Armour Shoppe.
 10309 | D:9      | Slain by a warg

Vault maps used:
D:1:      dpeg_chamrin_arrival_tetris
D:2:      nicolae_ru_the_path_less_chosen
D:3:      nicolae_gozag_seed_capital
D:4:      wad_pebble_path, first_bread
D:6:      minmay_temple_entry_butterflies, uniq_sigmund
D:8:      david_nohive_1
D:9:      erik_lair_orcish_takeover, orc_0_dummy, serial_shops,
          nicolae_shop_overgrown_old_shop, shop, shop, shop_fountains,
          shop_statue, nicolae_straight_to_the_point, uniq_joseph
Temple:   nicolae_temple_no_exploring_needed

Action                   |  1- 3 |  4- 6 |  7- 9 | 10-12 || total
-------------------------+-------+-------+-------+-------++-------
Melee: War axe           |   166 |   135 |       |       ||   301
       Dagger            |       |   138 |   849 |   393 ||  1380
Throw: Stone             |     2 |     7 |    25 |     7 ||    41
Invok: Heroism           |       |       |     1 |     2 ||     3
 Abil: Breathe Fire      |       |     1 |       |       ||     1
       Device Recharging |       |       |     2 |     1 ||     3
Evoke: Wand              |     1 |     6 |    26 |    18 ||    51
  Use: Scroll            |     5 |     6 |     8 |     8 ||    27
       Potion            |     1 |     3 |    15 |     1 ||    20
 Stab: Sleeping          |       |       |     3 |       ||     3
       Distracted        |       |       |     1 |       ||     1
  Eat: Chunk             |     3 |     3 |     5 |     1 ||    12
       Meat ration       |       |     1 |       |       ||     1
       Pizza             |       |       |     1 |       ||     1
       Bread ration      |       |       |     2 |       ||     2
       Beef jerky        |       |       |     1 |       ||     1
       Royal jelly       |       |       |     1 |     2 ||     3
